 Dungeon Crawl Stone Soup version 0.29.0-15-g675c0067aa (webtiles) character file.

Game seed: 324723866374757906

67137 lmSkywalker the Thaumaturge (level 15, -16/125 HPs)
             Began as a Djinni Fire Elementalist on Sept 10, 2022.
             Was a Priest of Ashenzari.
             Killed from afar by a shock serpent (18 damage)
             ... with a bolt of electricity
             ... on level 3 of the Snake Pit on Sept 12, 2022.
             The game lasted 02:50:25 (34837 turns).

lmSkywalker the Thaumaturge (DjFE)                 Turns: 34837, Time: 02:50:25

Health: -16/125    AC: 12    Str:  9    XL:     15   Next: 65%
Gold:   922        EV: 17    Int: 32    God:    Ashenzari [***...] SH: 14 Dex: 18

rFire   + + +      SeeInvis +   a - staff of fire
rCold   x . .      Faith    .   Z - +0 kite shield "Behold Eternity" {Self, Fort} (curse)
rNeg    + . .      Spirit   .   T - +0 steam dragon scales "Share My Omen" {Melee, Self} (curse)
rPois   ∞          Reflect  .   l - +1 helmet of Ashenzari's Urgency {Self, Cun} (curse)
rElec   .          Harm     .   P - +0 cloak "Share My Portent" {Fort, Self} (curse)
rCorr   .          Rampage  .   W - +0 pair of gloves of Panopticon {Self, Melee} (curse)
Will    +....      Clarity  +   (boots unavailable)
Stlth   ++++......              (no amulet)
HPRegen 0.30/turn               R - +6 ring of intelligence
MPRegen 0.00/turn               S - ring "Hebikimi" {Fly rN+ Int+4 Dex+4}

@: flying, studying 2 skills
A: sickness immunity, fire resistance 2, cold vulnerability 1, float, innate
caster, HP casting, extra vitality 1
a: Renounce Religion, Shatter the Chains


You were on level 3 of the Snake Pit.
You worshipped Ashenzari.
Ashenzari was most pleased with you.
You visited 4 branches of the dungeon, and saw 20 of its levels.
You also visited: Bailey and Ice Cave.

You collected 922 gold pieces.

Inventory:

Hand Weapons
 y - a +1 arbalest of freezing
 F - a +0 vampiric demon trident
 K - a +0 spectral lajatang
Missiles
 A - 6 throwing nets
Armour
 c - the +8 orange crystal plate armour {Archmagi, Int+3 Clar}
   (You acquired it on level 4 of the Lair of Beasts)

   Int:       It affects your intelligence (+3).
   Clar:      It protects you against confusion.
 l - the cursed +1 helmet of Ashenzari's Urgency (worn) {Self, Cun}
   (You found it on level 2 of the Dungeon)

   It has a curse which improves the following skills: Introspection: Fighting
   and Spellcasting.
   Cunning:   Dodging and Stealth.
 J - a +0 tower shield
 P - the cursed +0 cloak "Share My Portent" (worn) {Fort, Self}
   (You took it off Maurice on level 8 of the Dungeon)

   It has a curse which improves the following skills: Fortitude: Armour and
   Shields.
   Introspection: Fighting and Spellcasting.
 T - the cursed +0 steam dragon scales "Share My Omen" (worn) {Melee, Self}
   (You found it on level 9 of the Dungeon)

   It has a curse which improves the following skills: Melee Combat: Short
   Blades, Long Blades, Axes, Maces & Flails, Polearms, Staves and Unarmed
   Combat.
   Introspection: Fighting and Spellcasting.
 W - the cursed +0 pair of gloves of Panopticon (worn) {Self, Melee}
   (You found it in a bailey)

   It has a curse which improves the following skills: Introspection: Fighting
   and Spellcasting.
   Melee Combat: Short Blades, Long Blades, Axes, Maces & Flails, Polearms,
   Staves and Unarmed Combat.
 Z - the cursed +0 kite shield "Behold Eternity" (worn) {Self, Fort}
   (You found it on level 10 of the Dungeon)

   It has a curse which improves the following skills: Introspection: Fighting
   and Spellcasting.
   Fortitude: Armour and Shields.
Magical Staves
 a - a staff of fire (weapon)
Jewellery
 b - the ring of Take {Fire rElec Will- Str+6 Dex+2}
   (You found it on level 7 of the Dungeon)

   [ring of fire]

   It enhances your fire magic.
   Str:       It affects your strength (+6).
   Dex:       It affects your dexterity (+2).
   rF:        It protects you from fire.
   rC:        It makes you vulnerable to cold.
   rElec:     It insulates you from electricity.
   Will:      It decreases your willpower.
 d - a +4 ring of slaying
 R - a +6 ring of intelligence (left hand)
 S - the ring "Hebikimi" (right hand) {Fly rN+ Int+4 Dex+4}
   (You found it on level 9 of the Dungeon)

   [ring of positive energy]

   Int:       It affects your intelligence (+4).
   Dex:       It affects your dexterity (+4).
   rN:        It protects you from negative energy.
   Fly:       It grants you flight.
Wands
 h - a wand of paralysis (10)
 w - a wand of roots (12)
 x - a wand of polymorph (15)
 I - a wand of digging (5)
 N - a wand of quicksilver (14)
 Q - a wand of flame (43)
Scrolls
 f - 3 scrolls of summoning
 g - 5 scrolls of fear
 m - a scroll of brand weapon
 p - 3 scrolls of poison
 q - 5 scrolls of magic mapping
 r - 3 scrolls of vulnerability
 s - 2 scrolls of silence
 t - 9 scrolls of blinking
 u - 5 scrolls of teleportation
 v - 5 scrolls of enchant weapon
 C - 2 scrolls of immolation
 E - 2 scrolls of enchant armour
 O - a scroll of torment
 U - a scroll of butterflies
Potions
 i - 3 potions of lignification
 j - 8 potions of curing
 k - 3 potions of berserk rage
 n - 4 potions of haste
 o - 2 potions of heal wounds
 D - 5 potions of mutation
 G - 3 potions of might
 L - 2 potions of invisibility
 M - 3 potions of brilliance
 V - 3 potions of resistance
 Y - a potion of ambrosia
Miscellaneous
 B - a lightning rod (4/4)


   Skills:
 + Level 13.1(17.7) Fighting
 - Level 7.5(10.0) Armour
 + Level 8.7(10.3) Dodging
 - Level 6.3(7.9) Stealth
 + Level 12.9(15.3) Shields
 + Level 13.2(17.8) Spellcasting
 - Level 4.3 Evocations


You had 11 spell levels left.
You knew the following spells:

 Your Spells              Type           Power      Damage    Failure   Level
a - Foxfire               Conj/Fire      100%       2x1d9     0%          1
b - Scorch                Fire           100%       2d10      0%          2
c - Conjure Flame         Conj/Fire      100%       6-21      0%          3
d - Inner Flame           Hex/Fire       100%       N/A       0%          3
e - Flame Wave            Conj/Fire      100%       2d21      0%          4
f - Summon Small Mammal   Summ           100%       N/A       0%          1
g - Passwall              Tmut/Erth      80%        N/A       0%          2
h - Mephitic Cloud        Conj/Pois/Air  97%        N/A       0%          3
i - Stone Arrow           Conj/Erth      100%       3d13      0%          3
j - Agony                 Necr           97%        N/A       1%          5
k - Lee's Rapid Deconstr  Erth           48%        3d24*     1%          5
l - Eringya's Noxious Bo  Tmut/Pois      48%        N/A       1%          6
Your spell library was empty.

Dungeon Overview and Level Annotations

Branches:
Dungeon (11/15)            Temple (1/1) D:7            Lair (5/5) D:10
  Swamp (0/4) Lair:3        Snake (3/4) Lair:2        Slime (0/5) Lair:5
    Orc (0/2) D:10         Bailey (visited)           IceCv (visited)

Altars:
Ashenzari
Cheibriados
Dithmenos
Elyvilon
Fedhas
Gozag
Hepliaklqana
Okawaru
Qazlal
Ru
Trog
Uskayaw
Wu Jian
Xom
Yredelemnul
Zin
The Shining One
Jiyva

Annotations:
D:5 exclusion: door
D:8 1 runed translucent door, Persephone's ghost, novice MiGl
D:9 2 runed translucent doors, exclusion: 2 doors
Snake:1 3 transporters


Innate Abilities, Weirdness & Mutations

You are immune to sickness and miasma.
You are immune to poison.
Your flesh is very heat resistant. (rF++)
You are vulnerable to cold. (rC-)
You float through the air rather than walking.
You learn spells naturally, not from books.
Your magical power is your life essence.
You have superior vitality. (+4 MHP)


Message History

You feel a surge of power!
You conjure some foxfire!
You hear an angry hiss. x2
The electric eel is engulfed in a cloud of scalding steam.
Your foxfire dissipates!
A shock serpent and an electric eel come into view.
Aiming: Stone Arrow (safe; 0% risk of failure)
Press: ? - help, Q - select action, (/) - cycle Shift-Dir - straight line, f - shock serpent
Aim: a shock serpent (63% to hit)
Okay, then.
Casting: Stone Arrow (safe; 0% risk of failure)
Confirm with . or Enter, or press ? or * to list all spells.
Aiming: Passwall (safe; 0% risk of failure)
Press: ? - help, Dir - move target A rock wall.
You begin to meditate on the wall.
You continue meditating on the rock.
The shock serpent shoots out a bolt of lightning at you!
The bolt of electricity hits you!!
The shock serpent shoots out a bolt of lightning at you!
The bolt of electricity hits you!!
You continue meditating on the rock.
The shock serpent closely misses you. The shock serpent barely misses you.
You block the shock serpent's attack.
You continue meditating on the rock.
You block the shock serpent's attack. x2
The electric eel shoots out a bolt of lightning at you!
The bolt of electricity misses the shock serpent.
The bolt of electricity misses you. The bolt of electricity hits you!
The shock serpent bites you but does no damage.
You continue meditating on the rock.
The shock serpent shoots out a bolt of lightning at you!
The bolt of electricity hits you!!
* * * LOW HITPOINT WARNING * * *
You block the shock serpent's attack. The shock serpent bites you!
* * * LOW HITPOINT WARNING * * *
The shock serpent shocks you!
* * * LOW HITPOINT WARNING * * *
You continue meditating on the rock.
The shock serpent shoots out a bolt of lightning at you!
The bolt of electricity hits you!!
You die...

* #...####...####.<.... * ,
#...## #............. * ,
#....###........###.. ,
##........##......####
##........#####........
####,###.......### ,#.........
###..###........## ,#.......##
##....##.........#####.#......##
#.##.§..#...##.S@.....#.....).)##
...###..##...###S......##...)†)..
...# #.###v.....#.....##.......##
#.####.# ##§##..####..#..#######.
###.##.##*§##S..~# #....#**.# #..
##.###..### ≈~S.~~##...####.###.#
#..# #^..# ≈~...SS≈*#...#..##....
...###...#~~~~..~.≈~#............
...##....#~ #............


You could see a sea snake (wandering), 2 shock serpents and an electric eel.

Vanquished Creatures
  Agnes (Snake:2)
  3 nagarajas
  Louise (Snake:2)
  2 vault guards (Bailey)
  3 hydras
  2 two-headed ogres
  Erica (Lair:1)
  2 anacondas (Snake:3)
  6 naga warriors
  5 death yaks (Lair:5)
  Urug (Lair:1)
  3 shock serpents
  3 naga sharpshooters
  A salamander mystic (Snake:3)
  Pikel (D:7)
  A naga ritualist (Snake:3)
  3 mana vipers
  A manticore (Lair:5)
  3 salamanders (Snake:3)
  15 elephants
  Maurice (D:8)
  15 black mambas
  2 guardian serpents
  2 ice statues (IceCv)
  6 naga magi
  8 cane toads
  A kobold demonologist (D:9)
  A freezing wraith (IceCv)
  3 rime drakes
  6 komodo dragons
  3 ice devils (IceCv)
  A troll (D:9)
  Prince Ribbit (Bailey)
  3 blink frogs
  2 polar bears (Lair:5)
  14 dream sheep (Lair:4)
  3 wyverns
  A basilisk (Lair:4)
  4 humans (Bailey)
  39 yaks
  3 steam dragons
  5 vampire mosquitoes
  Menkaure (D:6)
  2 swamp worms (Lair:3)
  2 death yak simulacra (IceCv)
  20 nagas
  15 water moccasins
  An orc warrior (Bailey)
  4 black bears
  20 wolves
  3 ogres
  3 centaurs
  4 lemures (D:7)
  3 kobold brigands
  21 bullfrogs
  A necrophage (D:5)
  A scorpion (D:6)
  2 two-headed ogre simulacra (IceCv)
  4 wights (D:10)
  16 killer bees
  An elephant simulacrum (IceCv)
  A howler monkey (D:10)
  5 orc priests
  4 gnoll boudas
  A jelly (D:4)
  2 iguanas
  13 orc wizards
  A polar bear simulacrum (IceCv)
  10 hell rats (Lair:5)
  A spriggan simulacrum (IceCv)
  4 troll simulacra (IceCv)
  21 gnolls
  9 adders
  3 naga simulacra (IceCv)
  2 shadow imps (D:5)
  4 white imps
  2 ufetubi (IceCv)
  A worm (D:2)
  A dart slug (D:2)
  41 orcs
  3 ball pythons
  7 endoplasms
  5 giant cockroaches
  13 goblins
  6 hobgoblins
  4 jackals (D:1)
  16 kobolds
  5 quokkas
  3 bats
  5 rats
499 creatures vanquished.

Vanquished Creatures (collateral kills)
  A yak (D:10)
  A killer bee (D:10)
  23 foxfires
25 creatures vanquished.

Vanquished Creatures (others)
  1243 foxfires
  44 fungi
  62 plants
1349 creatures vanquished.

Grand Total: 1873 creatures vanquished

Notes
Turn   | Place    | Note
-------+----------+-------------------------------------------
     0 | D:1      | lmSkywalker the Djinni Fire Elementalist began the quest
                  | for the Orb.
     0 | D:1      | lmSkywalker set off with the following spells memorised:
                  | Foxfire, Scorch, Conjure Flame, Inner Flame, Flame Wave.
     0 | D:1      | Reached XP level 1. HP: 15/15 MP: 0/0
   174 | D:1      | Reached XP level 2. HP: 14/21 MP: 0/0
  1045 | D:1      | Reached XP level 3. HP: 20/25 MP: 0/0
  1045 | D:1      | Learned a level 1 spell: Summon Small Mammal
  1604 | D:2      | Reached XP level 4. HP: 20/31 MP: 0/0
  1791 | D:2      | Found a faded altar of an unknown god.
  2912 | D:3      | Reached XP level 5. HP: 33/35 MP: 0/0
  2912 | D:3      | Learned a level 2 spell: Passwall
  2971 | D:3      | Found a glowing golden altar of the Shining One.
  2973 | D:3      | Noticed an angel
  2982 | D:3      | Found a basalt altar of Yredelemnul.
  2984 | D:3      | Noticed a profane servitor
  4511 | D:3      | Reached XP level 6. HP: 34/40 MP: 0/0
  4597 | D:4      | Reached skill level 5 in Spellcasting
  5374 | D:5      | Entered Level 5 of the Dungeon
  5512 | D:5      | Noticed an ice beast
  5594 | D:5      | Noticed a water moccasin
  5598 | D:5      | Killed a water moccasin
  5604 | D:5      | Reached XP level 7. HP: 18/45 MP: 0/0
  5604 | D:5      | Learned a level 3 spell: Mephitic Cloud
  5816 | D:5      | Found a broken altar of Ashenzari.
  5819 | D:5      | Found an opulent altar of Gozag.
  5837 | D:5      | Became a worshipper of Ashenzari the Shackled
  7025 | D:6      | Reached XP level 8. HP: 42/50 MP: 0/0
  7044 | D:6      | Noticed Menkaure
  7049 | D:6      | Killed Menkaure
  8003 | D:6      | Found a bloodstained altar of Trog.
  8285 | D:6      | Reached XP level 9. HP: 53/55 MP: 0/0
  8285 | D:6      | Learned a level 3 spell: Stone Arrow
  8641 | D:7      | Identified the ring of Take {Fire rElec Will- Str+6 Dex+2}
  8713 | D:7      | Found a staircase to the Ecumenical Temple.
  8780 | D:7      | Identified the +2 robe of Pauna {rPois Int-4 Dex+6}
  8785 | Temple   | Entered the Ecumenical Temple
  9083 | D:7      | Noticed Pikel
  9105 | D:7      | Killed Pikel
  9647 | D:7      | Reached skill level 1 in Fighting
  9647 | D:7      | Reached skill level 1 in Shields
  9647 | D:7      | Reached skill level 1 in Evocations
  9648 | D:7      | Reached XP level 10. HP: 56/64 MP: 0/0
  9650 | D:7      | Reached skill level 10 in Spellcasting
 10370 | D:8      | Noticed Persephone's ghost (novice MiGl)
 10415 | D:8      | Found a runed translucent door.
 10429 | D:8      | Noticed Maurice
 10439 | D:8      | Killed Maurice
 10536 | D:8      | Found a white marble altar of Elyvilon.
 11720 | D:9      | Identified the ring "Hebikimi" {Fly rN+ Int+4 Dex+4}
 11844 | D:9      | Noticed a kobold demonologist
 11849 | D:9      | Killed a kobold demonologist
 11969 | D:9      | Found a hide-covered altar of Uskayaw.
 11971 | D:9      | Found a glowing silver altar of Zin.
 11971 | D:9      | Found a glowing silver altar of Zin.
 11973 | D:9      | Found a shimmering altar of Xom.
 11973 | D:9      | Found an opulent altar of Gozag.
 11980 | D:9      | Reached skill level 5 in Shields
 12080 | D:9      | Reached skill level 5 in Fighting
 12285 | D:9      | Noticed a two-headed ogre
 12292 | D:9      | Killed a two-headed ogre
 12293 | D:9      | Reached XP level 11. HP: 42/76 MP: 0/0
 12293 | D:9      | Learned a level 5 spell: Agony
 12520 | D:9      | Found a large runed translucent door.
 12521 | D:9      | Found a large runed translucent door.
 12631 | D:9      | Found a hide-covered altar of Uskayaw.
 12631 | D:9      | Noticed a +0 dagger
 12631 | D:9      | Noticed a +0 hand axe
 12878 | D:10     | Entered Level 10 of the Dungeon
 13062 | D:10     | Found a shadowy altar of Dithmenos.
 13420 | D:10     | Found a flagged portal.
 13425 | Bailey   | Entered a bailey
 14039 | Bailey   | Noticed a vault guard
 14057 | Bailey   | Killed a vault guard
 14312 | Bailey   | Noticed Prince Ribbit
 14312 | Bailey   | Noticed a vault guard
 14334 | Bailey   | Killed a vault guard
 14336 | Bailey   | Killed Prince Ribbit
 14710 | D:10     | Identified the +5 short sword of the Rescuing Oracle
                  | {vorpal, rF++ Will- rCorr MP+9}
 14811 | D:10     | Reached * piety under Ashenzari
 14811 | D:10     | Identified 3 scrolls of acquirement
 15244 | D:10     | Noticed a two-headed ogre
 15250 | D:10     | Killed a two-headed ogre
 15251 | D:10     | Reached XP level 12. HP: 55/92 MP: 0/0
 15432 | D:10     | Found a staircase to the Lair.
 15438 | D:10     | Found a staircase to the Orcish Mines.
 15484 | D:10     | Found an ornate altar of the Wu Jian Council.
 15484 | D:10     | Found a snail-covered altar of Cheibriados.
 16500 | Lair:1   | Entered Level 1 of the Lair of Beasts
 16506 | Lair:1   | Noticed Urug
 16518 | Lair:1   | Killed Urug
 16979 | Lair:1   | Noticed Erica
 16983 | Lair:1   | Killed Erica
 17122 | Lair:1   | Reached skill level 5 in Dodging
 17366 | Lair:1   | Noticed a six-headed hydra
 17371 | Lair:1   | Killed a six-headed hydra
 17372 | Lair:1   | Reached skill level 10 in Fighting
 18267 | Lair:1   | Identified Verem's Grimoire of Clay
 18297 | Lair:2   | Reached skill level 1 in Armour
 18301 | Lair:2   | Reached XP level 13. HP: 57/99 MP: 0/0
 18301 | Lair:2   | Learned a level 5 spell: Lee's Rapid Deconstruction
 18654 | Lair:2   | Found a frozen archway.
 18663 | IceCv    | Entered an ice cave
 21057 | Lair:2   | Reached ** piety under Ashenzari
 21310 | Lair:2   | Found a staircase to the Snake Pit.
 22157 | Lair:3   | Found a staircase to the Swamp.
 23119 | Lair:3   | Found a hazy altar of Hepliaklqana.
 24499 | Lair:3   | Identified the +0 chain mail "Biorghua" {Int+4}
 24612 | Lair:4   | Reached skill level 5 in Armour
 24738 | Lair:4   | Noticed a five-headed hydra
 24948 | Lair:4   | Killed a five-headed hydra
 24949 | Lair:4   | Reached XP level 14. HP: 105/112 MP: 0/0
 25293 | Lair:4   | Acquired a manual of Shields
 25295 | Lair:4   | Acquired a manual of Spellcasting
 25297 | Lair:4   | Acquired the +8 orange crystal plate armour {Archmagi,
                  | Int+3 Clar}
 25297 | Lair:4   | Found the +8 orange crystal plate armour {Archmagi, Int+3
                  | Clar}
 25786 | Lair:5   | Entered Level 5 of the Lair of Beasts
 26298 | Lair:5   | Reached skill level 10 in Shields
 26474 | Lair:4   | Upgraded the game from 0.29.0-13-gc9e81de378 to
                  | 0.29.0-15-g675c0067aa
 28225 | Lair:5   | Found a viscous altar of Jiyva.
 28226 | Lair:5   | Found a staircase to the Slime Pits.
 28328 | Snake:1  | Entered Level 1 of the Snake Pit
 28612 | Snake:1  | Reached *** piety under Ashenzari
 29108 | Snake:1  | Found a transporter.
 29128 | Snake:1  | Found a transporter.
 29372 | Snake:1  | Found a transporter.
 29397 | Snake:1  | Found a transporter.
 30191 | Snake:1  | Found a transporter.
 30198 | Snake:1  | Found a transporter.
 30810 | Snake:2  | Noticed Louise
 30828 | Snake:2  | Killed Louise
 31176 | Snake:2  | Reached XP level 15. HP: 112/121 MP: 0/0
 31176 | Snake:2  | Learned a level 6 spell: Eringya's Noxious Bog
 31521 | Snake:2  | Noticed Agnes
 31527 | Snake:2  | Killed Agnes
 31949 | Snake:3  | Noticed a nagaraja
 31977 | Snake:3  | Noticed a nagaraja
 31983 | Snake:2  | Reached skill level 5 in Stealth
 32082 | Snake:2  | Killed a nagaraja
 33385 | Snake:3  | Killed a nagaraja
 34143 | Snake:3  | Noticed a nagaraja
 34165 | Snake:3  | Killed a nagaraja
 34836 | Snake:3  | HP: 2/125 [shock serpent (13)]
 34837 | Snake:3  | Killed from afar by a shock serpent

Illustrated notes

Levels and vault maps discovered:
D:1:      nzn_arrival_depleted_hourglass, layout_basic, minmay_misc_feat_alley,
          chequers_decorated_corner
D:2:      layout_loops_ring, shapermc_ecumenical_altar_totnotflames
D:3:      layout_basic, grunt_temple_overflow_holy_war
D:4:      layout_loops_ring, hangedman_decor_growths
D:5:      layout_basic, minitemple, hangedman_abyss_or_decor_stabs,
          kennysheep_generic_room_8
D:6:      layout_basic, kennysheep_mini, uniq_menkaure
D:7:      layout_loops_cross, minmay_temple_entry_statues, serial_rivers,
          chequers_serial_rivers_small_b, chequers_serial_rivers_marsh,
          chequers_serial_rivers_micro_b, chequers_serial_rivers_micro_c,
          chequers_serial_rivers_large_a, minmay_small_thing, uniq_pikel
D:8:      layout_gridville, mainiacjoe_overflow_brackets,
          hellmonk_ghost_big_iron, uniq_maurice
D:9:      layout_gridville, vehumet_altar_wand_db, doesnt_xom_only_xom,
          dancing_weapons_uskayaw, jmf_multi_god_temple2
D:10:     layout_stronghold, nicolae_dithmenos_shadow_blocks,
          gammafunk_temple_overflow_forgotten, lair_entry_dummy, orc_0_dummy,
          enter_bailey_3
D:11:     layout_irregular_city, minmay_radiant
Temple:   hellmonk_temple_two_chambers
Lair:1:   layout_long_grid, dreamdust_gnoll_shepherd, lemuel_fruit_tree,
          uniq_erica, uniq_urug
Lair:2:   layout_gridlike, minmay_snake_entry_six_corridors,
          portal_ice_cave_entry_pillars_1
Lair:3:   layout_loops_ring, minmay_swamp_entry_worms, basic_altar,
          grunt_megastairs_4
Lair:4:   layout_misc_corridors, serial_bayou_shore_b
Lair:5:   evilmike_catoblepas_cave, layout_regular_city, slime_entry_1
Snake:1:  layout_misc_corridors, serial_nicolae_subway,
          nicolae_sub_station_crystal, nicolae_sub_station_metal,
          nicolae_sub_station_stone
Snake:2:  layout_grid_shapes, serial_bayou_pond_c, uniq_agnes, uniq_louise
Snake:3:  layout_onion_interference, nicolae_snake_bzzzt

Skill      XL: |  1  2  3  4  5  6  7  8  9 10 11 12 13 14 15 |
---------------+----------------------------------------------+-----
Spellcasting   | 3 4 5 6 8 9 10 11 12 13 | 13.2
Fighting       | 1 6 9 10 11 12 13 | 13.1
Shields        | 1 6 9 11 12 | 12.9
Evocations     | 1 4 |  4.3
Dodging        | 5 8 |  8.7
Armour         | 1 5 7 |  7.5
Stealth        | 2 4 6 |  6.3

Action                   |  1- 3 |  4- 6 |  7- 9 | 10-12 | 13-15 || total
-------------------------+-------+-------+-------+-------+-------++-------
Melee: Whip              |     4 |     6 |       |     1 |       ||    11
       Unarmed           |     1 |       |       |       |       ||     1
       Dagger            |       |       |     3 |       |       ||     3
       Staff             |       |       |       |       |     3 ||     3
 Cast: Foxfire           |    59 |    57 |   123 |   241 |   283 ||   763
       Scorch            |       |    29 |    52 |   142 |   105 ||   328
       Passwall          |       |     6 |       |       |     3 ||     9
       Mephitic Cloud    |       |       |    10 |    35 |    28 ||    73
       Conjure Flame     |       |       |     8 |     9 |    16 ||    33
       Flame Wave        |       |       |       |     9 |    17 ||    26
       Stone Arrow       |       |       |       |    40 |   290 ||   330
       Agony             |       |       |       |     2 |       ||     2
       Inner Flame       |       |       |       |     4 |     8 ||    12
       Lee's Rapid Decon |       |       |       |       |     6 ||     6
       Eringya's Noxious |       |       |       |       |    13 ||    13
Invok: Curse Item        |       |       |       |     2 |     4 ||     6
       Shatter the Chain |       |       |       |       |     1 ||     1
  Use: Scroll            |       |       |     9 |     5 |     4 ||    18
       Potion            |       |       |       |       |     1 ||     1
 Stab: Sleeping          |       |     1 |       |       |       ||     1
Armor: Robe              |     2 |     9 |     1 |     4 |       ||    16
       Steam dragon scal |       |       |       |     5 |    44 ||    49
Dodge: Dodged            |     6 |    24 |     5 |    36 |   118 ||   189
Block: Buckler           |       |       |       |    16 |    32 ||    48
       Kite shield       |       |       |       |       |    57 ||    57
